 Dungeon Crawl Stone Soup version 0.31-a0-986-g5e6e4ef867 (webtiles) character file.

Game seed: 17699014915746616464

380 Curundu the Slasher (level 6, -5/53 HPs)
             Began as a Draconian Berserker on Nov 10, 2023.
             Was a Priest of Trog.
             Slain by Duvessa
             ... wielding a +0 short sword
              (9 damage)
             ... on level 4 of the Dungeon.
             The game lasted 00:27:21 (3711 turns).

Curundu the Slasher (Draconian Berserker)           Turns: 3711, Time: 00:27:22

Health: -5/53      AC:  8    Str: 19    XL:     6   Next: 46%
Magic:  6/6        EV: 13    Int: 13    God:    Trog [***...]
Gold:   156        SH:  5    Dex: 13    Spells: 5/5 levels left

rFire   . . .        a - +0 falchion
rCold   . . .        (no shield)
rNeg    . . .        (body armour unavailable)
rPois   .            (helmet restricted)
rElec   .            (no cloak)
rCorr   .            r - +0 pair of gloves
SInv    +            l - +0 pair of boots
Will    .....        e - amulet of reflection
Stlth   ++           i - ring of see invisible
HPRegen 0.28/turn    p - +6 ring of intelligence
MPRegen 0.10/turn

%: reflection
@: no status effects
A: AC +6, unfitting armour, cold-blooded
a: Renounce Religion, Berserk, Trog's Hand


You were on level 4 of the Dungeon.
You worshipped Trog.
Trog was most pleased with you.
You visited 1 branch of the dungeon, and saw 4 of its levels.

You collected 316 gold pieces.
You spent 160 gold pieces at shops.

Inventory:

Hand Weapons
 a - a +0 falchion (weapon)
Armour
 l - a +0 pair of boots (worn)
 r - a +0 pair of gloves (worn)
Jewellery
 e - an amulet of reflection (around neck)
 i - a ring of see invisible (left hand)
 p - a +6 ring of intelligence (right hand)
Scrolls
 b - a scroll of fear {unknown}
 c - a scroll of noise {unknown}
 f - a scroll of acquirement {unknown}
 h - 2 scrolls of teleportation
 m - 2 scrolls of poison
 n - 2 scrolls of immolation {unknown}
 o - a scroll of blinking {unknown}
 t - a scroll of brand weapon {unknown}
Potions
 g - a potion of magic {unknown}
 j - 4 potions of resistance
 k - 2 potions of enlightenment {unknown}
 q - 2 potions of brilliance
 s - 3 potions of haste


   Skills:
 + Level 4.5 Fighting
 + Level 5.1 Long Blades
 + Level 4.1 Dodging
 + Level 1.2 Stealth
 + Level 1.7 Shields


You had 5 spell levels left.
You didn't know any spells.
Your spell library contained the following spells:

 Spells                   Type           Power      Damage    Failure   Level
 Apportation              Tloc           0%         N/A       30%         1
 Necrotise                Necr           0%         1d4       30%         1
 Summon Small Mammal      Summ           0%         N/A       30%         1


Dungeon Overview and Level Annotations

Branches:
Dungeon (4/15)
 Temple: D:4-7

Altars:
Gozag

Shops:
D:1 [!

Annotations:
D:4 Dowan, Duvessa


Innate Abilities, Weirdness & Mutations

Your plain brown scales are hard. (AC +6)
You cannot fit into any form of body armour.
You are cold-blooded and may be slowed by cold attacks.


Message History

Duvessa hits you with a +0 short sword.
You hit the adder.
You kill the adder!
Trog accepts your kill. Duvessa hits you with a +0 short sword.
You feel better. You block Duvessa's attack. x2
You slash Duvessa!
Duvessa is moderately wounded.
Duvessa barely misses you.
You hit Duvessa but do no damage.
Your tail-slap misses Duvessa.
Duvessa is moderately wounded.
Duvessa hits you with a +0 short sword.
Duvessa gestures with her weapon.
You block Duvessa's attack.
You closely miss Duvessa.
Duvessa is moderately wounded.
Duvessa completely misses you.
You hit Duvessa.
Duvessa is heavily wounded.
Duvessa closely misses you. Duvessa hits you but does no damage.
You hit Duvessa.
Duvessa is heavily wounded.
Duvessa closely misses you. Duvessa hits you with a +0 short sword!
* * * LOW HITPOINT WARNING * * *
You hit Duvessa. You tail-slap Duvessa.
Duvessa is severely wounded.
Duvessa hits you with a +0 short sword!
* * * LOW HITPOINT WARNING * * *
You completely miss Duvessa.
Your tail-slap misses Duvessa.
Duvessa is severely wounded.
Duvessa hits you with a +0 short sword.
* * * LOW HITPOINT WARNING * * *
Duvessa barely misses you.
You barely miss Duvessa.
Duvessa is severely wounded.
Duvessa hits you but does no damage.
You hit Duvessa.
Duvessa is severely wounded.
Duvessa hits you with a +0 short sword!
You die...

#.......# #......# #.......##
#......# ######...####......#
... ###...##......# ....
###..#......# ..... ##)#......#
.....
#########.)......######.....
#..†.............##.........
#...........@.#####........≈
#............e## #.........
#..............## #........§
#............#..###........§
#####.....................(....≈
.........................####..§
.........................# .§
.........................# ≈
##.......................#


You could see Duvessa (fast).

Vanquished Creatures
  A bullfrog (D:4)
  A scorpion (D:4)
  3 orc priests (D:3)
  3 adders
  3 gnolls (D:4)
  A worm (D:2)
  4 dart slugs
  15 orcs
  3 ball pythons
  3 endoplasms
  6 giant cockroaches
  6 goblins
  5 hobgoblins
  5 jackals
  8 kobolds
  4 quokkas
  7 bats
  3 frilled lizards
  10 rats
91 creatures vanquished.

Notes
Turn   | Place    | Note
-------+----------+-------------------------------------------
     0 | D:1      | Curundu the Draconian Berserker began the quest for the
                  | Orb.
     0 | D:1      | Reached XP level 1. HP: 19/19 MP: 1/1
   184 | D:1      | Found Farph's Distillery.
   200 | D:1      | Reached XP level 2. HP: 26/26 MP: 2/2
   276 | D:1      | Bought a potion of curing for 30 gold pieces
   599 | D:1      | Reached XP level 3. HP: 31/33 MP: 3/3
   726 | D:1      | Found Tiefyhas's Antique Armour Shop.
   749 | D:1      | Reached ** piety under Trog
   794 | D:1      | Bought a pair of boots for 130 gold pieces
  1788 | D:2      | Reached XP level 4. HP: 40/40 MP: 4/4
  2055 | D:3      | Reached skill level 4 in Long Blades
  2190 | D:3      | Reached XP level 5. HP: 22/46 MP: 5/5
  2472 | D:3      | Reached skill level 1 in Shields
  2885 | D:4      | Found an opulent altar of Gozag.
  3025 | D:4      | Reached skill level 1 in Stealth
  3098 | D:4      | Reached *** piety under Trog
  3231 | D:4      | Reached XP level 6. HP: 32/53 MP: 6/6
  3437 | D:4      | Reached skill level 5 in Long Blades
  3677 | D:4      | Noticed Duvessa
  3677 | D:4      | Noticed Dowan
  3711 | D:4      | Slain by Duvessa

Illustrated notes

Levels and vault maps discovered:
D:1:      wander_arrival_fairy_ring, layout_basic, serial_shops,
          nicolae_shop_getting_attention, shop_coins, minmay_pentomino_t4
D:2:      layout_rooms
D:3:      layout_rooms
D:4:      layout_basic, mainiacjoe_overflow_concentric_impassable,
          fedhas_altar_fruit_tree, uniq_duvessa

Skill      XL: |  1  2  3  4  5  6 |
---------------+-------------------+-----
Dodging        | 3 4 |  4.1
Fighting       | 4 |  4.5
Long Blades    | 4 5 |  5.1
Shields        | 1 |  1.7
Stealth        | 1 |  1.2

Action                     |  1- 3 |  4- 6 || total
---------------------------+-------+-------++-------
  Melee: Falchion          |   193 |   199 ||   392
         Tailslap          |    31 |    22 ||    53
         Punch             |     1 |     3 ||     4
    Use: Scroll            |       |     5 ||     5
         Potion            |       |     3 ||     3
   Stab: Sleeping          |       |     2 ||     2
 Armour: Skin              |   120 |   102 ||   222
  Dodge: Dodged            |   136 |   130 ||   266
  Block: Other             |    16 |    49 ||    65
         Reflection        |     2 |       ||     2

Table legend: (Time is in decaauts)
 A = Elapsed time spent in this place.
 B = Non-inter-level travel time spent in this place.
 C = Inter-level travel time spent in this place.
 D = Time resting spent in this place.
 E = Time spent auto-exploring this place.
 F = Levels seen in this place.
 G = Mean time per level.
                   A        B        C        D        E       F      G
               +--------+--------+--------+--------+--------+-----+--------+
         Total |   3755 |   3753 |      2 |    898 |      0 |   4 |  938.8 |
       Dungeon |   3755 |   3753 |      2 |    898 |      0 |   4 |  938.8 |
               +--------+--------+--------+--------+--------+-----+--------+

Top non-repeatable levels by time:
     D:1: 1044 daAuts
     D:2: 987 daAuts
     D:3: 879 daAuts
     D:4: 842 daAuts
